 Dungeon Crawl Stone Soup version 0.26-a0-682-g294304f6e8 (webtiles) character file.

Game seed: 12147471281351707525

198832 willcat the Ogreish Cataclysm (level 18, 0/170 HPs)
             Began as an Ogre Artificer on Oct 21, 2020.
             Was a High Priest of Qazlal.
             Splashed by a tengu reaver's acid (10 damage)
             ... led by Sojobo
             ... on level 2 of the Depths.
             The game lasted 01:00:33 (32389 turns).

willcat the Ogreish Cataclysm (Ogre Artificer)     Turns: 32389, Time: 01:00:34

Health: 0/170      AC: 16    Str: 29    XL:     18   Next: 90%
Magic:  40/40      EV: 13    Int: 24    God:    Qazlal [*****.]
Gold:   1410       SH: 28    Dex: 12    Spells: 22/36 levels left

rFire    . . .     SeeInvis +   B - +12 morningstar of the Muttering Pill Bug {vorpal, rPois}
rCold    . . .     Faith    +   n - +0 tower shield
rNeg     . . .     Spirit   .   A - +2 troll leather armour
rPois    +         Reflect  .   G - +1 hat
rElec    .         Harm     .   e - +2 cloak of Nomnigu {MR+ Int+2 Dex+2}
rCorr    .         Rampage  .   (gloves unavailable)
MR       ++++.                  (boots unavailable)
Stlth    +.........             h - amulet of faith
HPRegen  0.78/turn              Y - ring of the Mage {Wiz MR++ Int+3}
MPRegen  0.27/turn              R - ring "Atecusap" {*Drain MP+9 Str+4 Int+6 SInv}

@: lethally poisoned (0 -> 0), about to teleport, protected from physical
damage, studying Armour, repel missiles
A: large, unfitting armour, tough skin 1
a: Upheaval, Elemental Force, Disaster Area, Renounce Religion


You were on level 2 of the Depths.
You worshipped Qazlal.
Qazlal was extremely pleased with you.
You visited 6 branches of the dungeon, and saw 27 of its levels.
You also visited: Gauntlet.

You collected 3394 gold pieces.
You spent 1984 gold pieces at shops.

Inventory:

Hand Weapons
 B - the +12 morningstar of the Muttering Pill Bug (weapon) {vorpal, rPois}
   (You took it off a minotaur in a Gauntlet)

   It inflicts extra damage upon your enemies.
   It protects you from poison.
Missiles
 x - 7 throwing nets
 P - 42 large rocks (quivered)
Armour
 e - the +2 cloak of Nomnigu (worn) {MR+ Int+2 Dex+2}
   (You found it in a Gauntlet)

   It affects your intelligence (+2).
   It affects your dexterity (+2).
   It affects your resistance to hostile enchantments.
 n - a +0 tower shield (worn)
 A - a +2 troll leather armour (worn)
 G - a +1 hat (worn)
Jewellery
 h - an amulet of faith (around neck)
 s - the ring "Eted" {+Fly rC+ Str-4 Int+6 SInv}
   (You found it in a Gauntlet)

   [ring of intelligence]

   It affects your strength (-4).
   It affects your intelligence (+6).
   It protects you from cold.
   It lets you see invisible.
   It lets you fly.
 I - the ring "Umialill" {rC+ Int+3}
   (You bought it in a shop on level 2 of the Orcish Mines)

   [ring of protection from cold]

   It affects your intelligence (+3).
   It protects you from cold.
 O - an uncursed ring of fire
 R - the ring "Atecusap" (right hand) {*Drain MP+9 Str+4 Int+6 SInv}
   (You found it on level 2 of the Lair of Beasts)

   [ring of see invisible]

   It affects your strength (+4).
   It affects your intelligence (+6).
   It affects your magic capacity (+9).
   It lets you see invisible.
   It causes draining when unequipped.
 T - a +4 ring of protection
 W - the cursed necklace of Bloodlust {*Rage +Rage MR++ Int-3 Slay+6 *Curse}
   (You found it on level 14 of the Dungeon)

   [amulet of nothing]

   It affects your intelligence (-3).
   It affects your accuracy and damage with ranged weapons and melee attacks
   (+6).
   It affects your resistance to hostile enchantments.
   It lets you go berserk.
   It may make you go berserk in combat.
   It curses itself when equipped.
   It has a curse placed upon it.
 Y - the ring of the Mage (left hand) {Wiz MR++ Int+3}
   (You bought it in a shop on level 13 of the Dungeon)

   [ring of wizardry]

   It improves your spell success rate.
   It affects your intelligence (+3).
   It affects your resistance to hostile enchantments.
Wands
 c - a wand of flame (21)
 d - a wand of enslavement (9)
 w - a wand of paralysis (25)
 D - a wand of random effects (27)
 E - a wand of disintegration (25)
 K - a wand of polymorph (27)
 N - a wand of iceblast (6)
 Q - a wand of digging (17)
Scrolls
 b - 9 scrolls of identify
 f - 11 scrolls of magic mapping
 i - 5 scrolls of blinking
 j - 10 scrolls of teleportation
 k - 9 scrolls of amnesia
 l - 5 scrolls of fear
 o - 5 scrolls of immolation
 r - a scroll of acquirement {unknown}
 t - 6 scrolls of enchant armour
 y - 16 scrolls of remove curse
 H - a scroll of summoning
 J - a scroll of brand weapon
 U - 4 scrolls of fog
Potions
 a - 2 potions of resistance
 g - a potion of invisibility
 m - a potion of magic
 p - 8 potions of haste
 q - 5 potions of flight
 u - 6 potions of mutation
 v - 4 potions of brilliance
 z - 3 potions of heal wounds
 C - 4 potions of stabbing
 F - a potion of cancellation
 L - 4 potions of curing
 M - 2 potions of might
 S - 5 potions of ambrosia
 V - a potion of berserk rage
Books
 X - a manual of Armour


   Skills:
 - Level 8.7 Fighting
 + Level 13.7 Maces & Flails
 - Level 4.2 Throwing
 + Level 11.7 Armour
 + Level 9.1 Dodging
 - Level 1.0 Stealth
 + Level 13.6 Shields
 + Level 9.7 Spellcasting
 + Level 4.6 Summonings
 - Level 4.0 Translocations
 - Level 4.0 Ice Magic
 + Level 14.7 Invocations
 - Level 5.5 Evocations


You had 22 spell levels left.
You knew the following spells:

 Your Spells              Type           Power        Failure   Level
a - Frozen Ramparts       Ice            ####..       1%          3
b - Blink                 Tloc           N/A          1%          2
c - Dragon's Call         Summ           ####......   100%        9

Your spell library contained the following spells:

 Spells                   Type           Power        Failure   Level
 Apportation              Tloc           ####..       1%          1
 Freeze                   Ice            ####         1%          1
 Summon Small Mammal      Summ           ####         1%          1
 Call Imp                 Summ           ####....     1%          2
 Gell's Gravitas          Tloc           ####......   1%          3
 Lesser Beckoning         Tloc           ####......   1%          3
 Ozocubu's Armour         Ice            ####....     1%          3
 Teleport Other           Tloc           ####....     1%          3
 Animate Skeleton         Necr           ##....       3%          1
 Corona                   Hex            ##.....      3%          1
 Foxfire                  Conj/Fire      ##..         3%          1
 Magic Dart               Conj           ##..         3%          1
 Pain                     Necr           ##..         3%          1
 Slow                     Hex            ##......     4%          2
 Summon Ice Beast         Ice/Summ       ####....     5%          4
 Passage of Golubria      Tloc           N/A          6%          4
 Conjure Flame            Conj/Fire      ##......     10%         3
 Inner Flame              Hex/Fire       ##......     10%         3
 Mephitic Cloud           Conj/Pois/Air  ##......     10%         3
 Vampiric Draining        Necr           ##........   10%         3
 Hailstorm                Conj/Ice       ###.....     14%         4
 Ice Form                 Ice/Tmut       ###.....     14%         4
 Animate Dead             Necr           ##........   30%         4
 Cause Fear               Hex            ##........   30%         4
 Sticky Flame             Conj/Fire      ##......     30%         4
 Metabolic Englaciation   Hex/Ice        ###.......   34%         5
 Agony                    Necr           ##......     61%         5
 Fireball                 Conj/Fire      ##........   61%         5
 Ozocubu's Refrigeration  Ice            ####......   65%         6
 Simulacrum               Ice/Necr       ###.......   88%         6
 Freezing Cloud           Conj/Ice/Air   ###.......   93%         6
 Dragon Form              Tmut           ##........   100%        7


Dungeon Overview and Level Annotations

Branches:
Dungeon (15/15)            Temple (1/1) D:6            Lair (6/6) D:8
 Shoals (0/4) Lair:3        Snake (1/4) Lair:3        Slime (0/5) Lair:5
    Orc (2/2) D:12            Elf (0/3) Orc:2        Vaults (0/5) D:13
 Depths (2/5) D:15        Gauntlet (visited)

Altars:
Ashenzari
Cheibriados
Dithmenos
Elyvilon
Fedhas
Gozag
Hepliaklqana
Kikubaaqudgha
Makhleb
Nemelex Xobeh
Okawaru
Qazlal
Ru
Sif Muna
Trog
Uskayaw
Vehumet
Wu Jian
Xom
Yredelemnul
Zin
The Shining One
Beogh
Jiyva

Shops:
D:8 !   D:13 (==(   Orc:2 :!=[

Portals:
Hell: Depths:1
Abyss: Depths:1
Trove: D:12 (show slimy rune of Zot)

Annotations:
Lair:5 1 runed translucent door


Innate Abilities, Weirdness & Mutations

You are too large for most types of armour.
You have tough skin. (AC +1)


Message History

The tengu reaver pecks you but does no damage.
You block the tengu reaver's attack.
You block the phantasmal warrior's attack.
As you read the scroll of teleportation, it crumbles to dust.
You feel strangely unstable.
You block the phantasmal warrior's attack.
You block the tengu reaver's attack.
The tengu reaver pecks you but does no damage.
The tengu reaver claws you but does no damage.
A spriggan berserker zombie comes into view.
You thump the phantasmal warrior!
You destroy the phantasmal warrior!
Qazlal accepts your kill.
The stone giant is engulfed in freezing vapours.
Unknown command.
The tengu reaver points at you and mumbles some strange words.
The bolt of acid hits you!!
* * * LOW HITPOINT WARNING * * *
You are splashed with acid!
You die...

##################
#(.)))...รท).......
#.###############.
#)# #.# #@# #(# #Q#


ZD# ##WZ #.# #.# #.# #.# You could see an ice dragon, a tengu reaver, a flayed
ghost, a deep elf high priest zombie and a spriggan berserker zombie.

Vanquished Creatures
  Sojobo (Depths:2)
  Saint Roka (D:14)
  Jorgrun (D:13)
  2 liches
  A sphinx (Depths:1)
  A revenant (Depths:2)
  An iron dragon (Depths:2)
  A frost giant (Depths:1)
  A caustic shrike zombie (D:15)
  A juggernaut zombie (Depths:1)
  A very ugly thing (Depths:1)
  4 stone giants
  A juggernaut skeleton (Depths:2)
  5 vampire knights (Depths:2)
  A dire elephant (Lair:6)
  A minotaur (shapeshifter) (D:13)
  An ettin (shapeshifter) (D:14)
  6 ettins
  The ghost of Rennog the Cleaver, a journeyman DsBe of Trog (Orc:2)
  Snorg (D:13)
  A fire dragon (Depths:1)
  A yaktaur captain (D:13)
  A merfolk impaler (Depths:1)
  2 jiangshi (Depths:2)
  2 great orbs of eyes (Depths:1)
  2 ice dragons
  3 rakshasas
  Harold (Lair:2)
  3 boulder beetles
  4 hydras
  A merfolk avatar (Lair:6)
  2 catoblepae
  7 ogre magi
  7 centaur warriors
  3 deep troll shamans (Depths:1)
  A vampire mage (D:15)
  6 death yaks (Lair:6)
  26 two-headed ogres
  3 deep troll earth magi
  3 tengu warriors
  A spark wasp zombie (D:15)
  2 skeletal warriors
  A fire crab (shapeshifter) (Depths:1)
  An iron troll (D:14)
  6 unseen horrors
  A golden dragon zombie (D:15)
  A death drake (shapeshifter) (Depths:2)
  7 deep trolls
  Pikel (D:4)
  A wizard (D:13)
  3 flayed ghosts (Depths:2)
  2 phantasmal warriors (Depths:2)
  3 orc knights
  2 necromancers
  A sphinx zombie (D:15)
  3 deep elf magi
  25 ugly things
  3 large abominations (Depths:1)
  An oklob plant (Lair:2)
  2 fire giant zombies
  10 cyclopes
  A wolf spider (D:15)
  9 elephants
  6 manticores
  A stone giant skeleton (Depths:2)
  6 moths of wrath (D:14)
  A merfolk siren (Lair:3)
  7 black mambas
  16 cane toads
  3 gargoyles
  A centaur skeleton (D:13)
  2 kobold demonologists
  3 rime drakes
  3 yaktaurs
  2 efreet (D:15)
  14 komodo dragons
  3 spriggan skeletons (Depths:2)
  2 tengu conjurers
  A silent spectre (D:14)
  A guardian mummy (D:15)
  A queen bee (shapeshifter) (Depths:1)
  13 trolls
  4 hornets
  A merfolk (Lair:3)
  2 polar bears (Lair:6)
  A queen bee (D:15)
  3 meliai (D:15)
  Grinder (D:4)
  4 slime creatures (D:14)
  5 blink frogs (Lair:2)
  A fire dragon zombie (Depths:1)
  An ice dragon skeleton (Depths:1)
  2 vampires
  Sigmund (D:3)
  2 water elementals (Depths:1)
  65 yaks
  A wraith (D:10)
  9 wyverns
  A human (D:7)
  4 hogs (D:7)
  11 basilisks
  4 chaos spawn (Depths:1)
  8 vampire mosquitoes
  A naga (Lair:3)
  An acid dragon (D:12)
  2 wargs
  24 water moccasins
  19 orc warriors
  A human skeleton (Depths:2)
  2 eyes of draining
  4 sky beasts
  2 ice beasts (D:6)
  37 ogres
  2 black bears
  A boggart (D:14)
  3 phantoms
  2 necrophages
  19 centaurs
  16 wolves
  A lemure (D:4)
  23 bullfrogs
  A big kobold (D:10)
  6 small abominations
  A gnoll sergeant (D:8)
  19 orc wizards
  A wyvern skeleton (D:14)
  4 scorpions
  23 killer bees
  24 wights
  3 vampire bats (D:7)
  2 electric eels (Lair:3)
  A tengu skeleton (Depths:2)
  4 bullfrog zombies
  3 centaur zombies
  9 hounds
  2 jellies
  12 orc priests
  A gnoll shaman (D:5)
  2 bullfrog skeletons
  4 iguanas
  9 worker ants
  A bullfrog simulacrum (Gauntlet)
  2 worker ant zombies
  13 gnolls
  10 adders
  4 white imps
  An adder skeleton (D:5)
  An adder zombie (D:7)
  4 worms
  A dart slug (D:2)
  2 leopard geckos
  60 orcs
  2 bat skeletons (D:7)
  5 bat zombies (D:7)
  7 giant cockroaches
  5 goblins
  5 hobgoblins
  A jackal (D:11)
  10 kobolds
  2 quokkas
  2 ball pythons
  7 bats
  6 frilled lizards
  A jackal zombie (D:6)
  A leopard gecko skeleton (D:5)
  A leopard gecko zombie (D:7)
  A quokka skeleton (D:4)
  6 rats
  A butterfly (Lair:2)
869 creatures vanquished.

Vanquished Creatures (collateral kills)
  A frost giant (Depths:1)
  A stone giant (Depths:1)
  A minotaur (Gauntlet)
  A dancing weapon (Orc:2)
  2 thrashing horrors (Gauntlet)
  An elephant (Lair:5)
  A komodo dragon (Lair:5)
  Edmund (D:4)
  2 water moccasins
  An orc priest (D:5)
  3 orcs (D:5)
  A rat (D:2)
16 creatures vanquished.

Vanquished Creatures (others)
  A tengu reaver (Depths:2)
  A vampire mage (Depths:2)
  A deep elf mage (D:14)
  19 fungi
  128 plants
  7 withered plants (D:15)
157 creatures vanquished.

Grand Total: 1042 creatures vanquished

Notes
Turn   | Place    | Note
-------+----------+-------------------------------------------
     0 | D:1      | willcat the Ogre Artificer began the quest for the Orb.
     0 | D:1      | Reached XP level 1. HP: 19/19 MP: 1/1
   336 | D:1      | Reached skill level 1 in Stealth
   336 | D:1      | Reached XP level 2. HP: 25/27 MP: 2/2
   863 | D:2      | Reached skill level 1 in Maces & Flails
   863 | D:2      | Reached XP level 3. HP: 11/33 MP: 3/3
  1533 | D:2      | Reached XP level 4. HP: 17/41 MP: 4/4
  2662 | D:3      | Noticed Sigmund
  2678 | D:3      | Killed Sigmund
  2678 | D:3      | Reached XP level 5. HP: 38/48 MP: 5/5
  2678 | D:3      | Reached XP level 6. HP: 43/55 MP: 6/6
  3411 | D:4      | Noticed Pikel
  3412 | D:4      | Noticed Edmund
  3473 | D:4      | Noticed Grinder
  3473 | D:4      | Paralysed by Grinder for 3 turns
  3553 | D:4      | Killed Grinder
  3553 | D:4      | Reached XP level 7. HP: 22/62 MP: 7/7
  3926 | D:5      | Entered Level 5 of the Dungeon
  4918 | D:4      | Killed Edmund
  4921 | D:4      | Killed Pikel
  4921 | D:4      | Reached XP level 8. HP: 19/70 MP: 8/8
  5687 | D:5      | Reached skill level 5 in Evocations
  5998 | D:5      | Reached skill level 5 in Maces & Flails
  6694 | D:6      | Reached skill level 5 in Shields
  6791 | D:6      | Found a staircase to the Ecumenical Temple.
  6812 | Temple   | Entered the Ecumenical Temple
  6882 | Temple   | Became a worshipper of Qazlal Stormbringer
  6965 | D:6      | Noticed a yak
  6966 | D:6      | Noticed a yak
  6966 | D:6      | Noticed a yak
  6966 | D:6      | Noticed a yak
  6967 | D:6      | Noticed a yak
  6998 | D:6      | Killed a yak
  6998 | D:6      | Reached skill level 1 in Invocations
  6998 | D:6      | Reached XP level 9. HP: 18/80 MP: 9/9
  7742 | D:6      | Reached skill level 2 in Invocations
  8293 | D:6      | Reached skill level 3 in Invocations
  8661 | D:7      | Reached * piety under Qazlal
  8661 | D:7      | Reached skill level 5 in Fighting
  9131 | D:7      | Reached XP level 10. HP: 87/96 MP: 12/12
  9283 | D:7      | Reached skill level 4 in Invocations
  9313 | D:7      | Found an ancient bone altar of Kikubaaqudgha.
  9601 | D:7      | Found a shimmering blue altar of Sif Muna.
  9686 | D:7      | Reached skill level 5 in Dodging
  9985 | D:8      | Reached ** piety under Qazlal
 10206 | D:8      | Found Zusaefar's Distillery.
 10210 | D:8      | Bought a potion of heal wounds for 60 gold pieces
 10210 | D:8      | Bought a potion of heal wounds for 60 gold pieces
 10463 | D:8      | Found a staircase to the Lair.
 10785 | D:8      | Reached skill level 5 in Invocations
 11284 | Lair:1   | Entered Level 1 of the Lair of Beasts
 11760 | D:9      | Found a shimmering altar of Xom.
 11840 | D:9      | Reached *** piety under Qazlal
 12405 | D:10     | Entered Level 10 of the Dungeon
 13176 | D:10     | Noticed a boulder beetle
 13565 | D:9      | Killed a boulder beetle
 13565 | D:9      | Reached skill level 6 in Invocations
 13565 | D:9      | Reached XP level 11. HP: 52/110 MP: 15/15
 14234 | D:10     | Learned a level 3 spell: Frozen Ramparts
 14235 | D:11     | Noticed a cyclops
 14450 | D:10     | Killed a cyclops
 14450 | D:10     | Reached skill level 1 in Spellcasting
 14450 | D:10     | Reached skill level 1 in Ice Magic
 14763 | D:11     | Noticed a brown ugly thing
 14769 | D:11     | Killed a brown ugly thing
 14789 | D:11     | Reached **** piety under Qazlal
 14820 | D:11     | Noticed a green ugly thing
 14824 | D:11     | Noticed a two-headed ogre
 14842 | D:11     | Killed a green ugly thing
 14842 | D:11     | Reached skill level 1 in Armour
 15018 | D:11     | Noticed a skeletal warrior
 15022 | D:11     | Noticed a four-headed hydra
 15022 | D:11     | Noticed a boulder beetle
 15032 | D:10     | Killed a skeletal warrior
 15044 | D:10     | Killed a two-headed ogre
 15044 | D:10     | Reached skill level 7 in Invocations
 15177 | D:11     | Killed a four-headed hydra
 15463 | D:11     | Got a polished mace
 15470 | D:11     | Identified the +8 mace of Anger {drain, rPois} (You found
                  | it on level 11 of the Dungeon)
 15810 | D:12     | Reached XP level 12. HP: 119/119 MP: 17/17
 16170 | D:12     | Reached ***** piety under Qazlal
 16229 | D:12     | Found a portal to a secret trove of treasure.
 16350 | D:12     | Found a staircase to the Orcish Mines.
 16455 | D:12     | Reached skill level 8 in Invocations
 16559 | D:12     | Got a masterwork long sword
 16619 | D:12     | Got a smoking robe
 16620 | D:12     | Identified the cursed +1 robe of the Manifold Ears {rC+
                  | Str+2} (You found it on level 12 of the Dungeon)
 16622 | D:12     | Identified the +5 long sword "Urumim" {vamp, *Corrode rElec
                  | rN+ Int+2 Dex+3} (You found it on level 12 of the Dungeon)
 16905 | D:10     | Killed a boulder beetle
 17734 | Lair:2   | Reached skill level 9 in Invocations
 17896 | Lair:2   | Reached XP level 13. HP: 122/127 MP: 20/20
 17909 | Lair:2   | Noticed Harold
 17924 | Lair:2   | Killed Harold
 18109 | Lair:2   | Reached skill level 5 in Armour
 18278 | Lair:2   | Got a glittering bronze ring
 18285 | Lair:2   | Identified the ring "Atecusap" {*Drain MP+9 Str+4 Int+6
                  | SInv} (You found it on level 2 of the Lair of Beasts)
 18824 | Lair:2   | Reached skill level 10 in Maces & Flails
 19231 | Lair:3   | Reached ****** piety under Qazlal
 19234 | Lair:3   | Reached skill level 10 in Invocations
 19242 | Lair:3   | Reached skill level 10 in Shields
 19370 | Lair:3   | Found a staircase to the Snake Pit.
 19647 | Lair:3   | Found a staircase to the Shoals.
 19825 | Lair:4   | Found a gate leading to a gauntlet.
 19848 | Gauntlet | Entered a Gauntlet
 19848 | Gauntlet | Found a transporter.
 19848 | Gauntlet | Found a transporter.
 19848 | Gauntlet | Found a transporter.
 19849 | Gauntlet | Found a transporter.
 19852 | Gauntlet | Found a transporter.
 19853 | Gauntlet | Found a transporter.
 19865 | Gauntlet | Found a transporter.
 19866 | Gauntlet | Found a transporter.
 19866 | Gauntlet | Found a transporter.
 19868 | Gauntlet | Found a transporter.
 19876 | Gauntlet | Found a transporter.
 19877 | Gauntlet | Found a transporter.
 19954 | Gauntlet | Reached skill level 5 in Spellcasting
 19954 | Gauntlet | Reached XP level 14. HP: 137/137 MP: 22/22
 20157 | Gauntlet | Got a jewelled cloak
 20172 | Gauntlet | Identified the +2 cloak of Nomnigu {MR+ Int+2 Dex+2} (You
                  | found it in a Gauntlet)
 20197 | Gauntlet | Got a sparkling amber ring
 20201 | Gauntlet | Identified the ring "Eted" {+Fly rC+ Str-4 Int+6 SInv} (You
                  | found it in a Gauntlet)
 20258 | Gauntlet | Identified the +12 morningstar of the Muttering Pill Bug
                  | {vorpal, rPois}
 20349 | Lair:4   | Reached skill level 11 in Invocations
 21067 | Lair:5   | Reached XP level 15. HP: 108/145 MP: 23/23
 21366 | Lair:5   | Found a runed translucent door.
 21367 | Lair:5   | Found a viscous altar of Jiyva.
 21370 | Lair:5   | Found a staircase to the Slime Pits.
 21711 | Lair:6   | Entered Level 6 of the Lair of Beasts
 22100 | Lair:6   | Reached skill level 12 in Invocations
 22928 | Orc:1    | Entered Level 1 of the Orcish Mines
 23032 | Orc:1    | Found a bloodstained altar of Trog.
 23259 | Orc:2    | Entered Level 2 of the Orcish Mines
 23376 | Orc:2    | Found a runed translucent door.
 23377 | Orc:2    | Found a shimmering altar of Xom.
 23377 | Orc:2    | Noticed Rennog's ghost (journeyman DsBe)
 23389 | Orc:2    | Found a staircase to the Elven Halls.
 23405 | Orc:2    | Found a roughly hewn altar of Beogh.
 23573 | Orc:2    | Killed Rennog's ghost
 23580 | Orc:2    | Got a scintillating silver ring
 23582 | Orc:2    | Identified the ring of Oxze {*Tele rC+ MR+} (You found it
                  | on level 2 of the Orcish Mines)
 24159 | Orc:2    | Reached XP level 16. HP: 116/153 MP: 25/25
 24437 | Orc:2    | Reached skill level 13 in Invocations
 24632 | Orc:2    | Found Vexipsuasch's Book Shop.
 24632 | Orc:2    | Found Vouper's Distillery.
 24633 | Orc:2    | Found Vajaqaon's Jewellery Shoppe.
 24633 | Orc:2    | Found Ytikkidi's Antique Armour Boutique.
 24642 | Orc:2    | Bought a runed hat for 252 gold pieces
 24643 | Orc:2    | Bought a potion of heal wounds for 75 gold pieces
 24643 | Orc:2    | Bought a potion of heal wounds for 75 gold pieces
 24643 | Orc:2    | Bought a potion of heal wounds for 75 gold pieces
 24643 | Orc:2    | Bought a potion of might for 60 gold pieces
 24643 | Orc:2    | Bought 2 potions of haste for 300 gold pieces
 24765 | Orc:2    | Bought the ring "Umialill" {rC+ Int+3} for 459 gold pieces
 24769 | Orc:2    | Learned a level 2 spell: Blink
 24849 | D:13     | Found Ytiax's Antique Weapon Shoppe.
 24874 | D:13     | Found Yniupeq's Jewellery Shoppe.
 24901 | D:13     | Noticed Snorg
 24908 | D:13     | Killed Snorg
 24964 | D:13     | You fall into a shaft and drop 2 floors!
 24964 | D:15     | Entered Level 15 of the Dungeon
 24974 | D:15     | Reached skill level 1 in Translocations
 25292 | D:15     | Found a staircase to the Depths.
 26055 | D:14     | Reached skill level 1 in Throwing
 26458 | D:14     | Found a transporter.
 26468 | D:14     | Found a transporter.
 26468 | D:14     | Found a runed translucent door.
 26468 | D:14     | Found a bloodstained altar of Trog.
 26469 | D:14     | Found the cursed necklace of Bloodlust {*Rage +Rage MR++
                  | Int-3 Slay+6 *Curse}
 26752 | D:14     | Reached XP level 17. HP: 161/161 MP: 27/27
 27245 | D:13     | Noticed Jorgrun
 27262 | D:13     | Killed Jorgrun
 27399 | D:13     | Found Zicilefy's Antique Weapon Boutique.
 27587 | D:13     | Reached skill level 10 in Armour
 27836 | D:13     | Found an opulent altar of Gozag.
 27961 | D:13     | Found Asoshrear's Jewellery Shop.
 28013 | D:13     | Found a gate to the Vaults.
 28047 | D:13     | Bought the ring of the Mage {Wiz MR++ Int+3} for 568 gold
                  | pieces
 28047 | D:13     | Found the ring of the Mage {Wiz MR++ Int+3}
 28060 | D:13     | Learned a level 9 spell: Dragon's Call
 28399 | Snake:1  | Entered Level 1 of the Snake Pit
 28621 | Depths:1 | Entered Level 1 of the Depths
 28621 | Depths:1 | Noticed Saint Roka
 28885 | D:14     | Killed Saint Roka
 29068 | D:14     | Reached skill level 1 in Summonings
 29230 | Depths:1 | Noticed a sphinx
 29243 | Depths:1 | Killed a sphinx
 29514 | Depths:1 | Reached skill level 14 in Invocations
 29922 | Depths:1 | Reached XP level 18. HP: 111/170 MP: 30/30
 30129 | Depths:1 | Found a one-way gate to the infinite horrors of the Abyss.
 30424 | Depths:1 | Found a gateway to Hell.
 30425 | Depths:1 | Noticed a lich
 30430 | Depths:1 | Killed a lich
 31634 | Depths:2 | Noticed Sojobo
 31754 | Depths:2 | Noticed a lich
 31764 | Depths:2 | Killed a lich
 32042 | Depths:2 | Killed Sojobo
 32389 | Depths:2 | Splashed by a tengu reaver's acid

Illustrated notes

Levels and vault maps discovered:
D:1:      lightli_arrival_farm, layout_basic
D:2:      layout_rooms
D:3:      layout_basic, uniq_sigmund
D:4:      layout_basic, uniq_edmund, uniq_pikel, uniq_grinder
D:5:      layout_rooms
D:6:      layout_basic, minmay_temple_entry_tees, minivault_19
D:7:      layout_loops_ring, kennysheep_vampire_church, st_stairs_4,
          grunt_livestock, minmay_misc_feat_doors, led_sif_book
D:8:      layout_gridville, david_lair_shrubbed, serial_shops,
          nicolae_shop_stone
D:9:      layout_loops_corners, basic_altar
D:10:     layout_irregular_city
D:11:     minmay_the_grid_square_5x5_3x3 [minmay_the_grid_square_5x5_fat_x,
          minmay_the_grid_square_5x5_shuriken,
          minmay_the_grid_square_5x5_two_small,
          minmay_the_grid_square_5x5_detours,
          minmay_the_grid_square_5x5_megaprize_hollow,
          minmay_the_grid_square_5x5_checkered_sparse,
          minmay_the_grid_square_5x5_v, minmay_the_grid_square_5x5_eight,
          minmay_the_grid_square_5x5_forky], layout_cave_pools
D:12:     layout_long_grid, david_orc_3, enter_trove_2,
          eino_small_chamber_without_monster, minmay_fractal_squares_5
D:13:     hangedman_cross_veins, layout_long_grid, david_vaults_1, serial_shops,
          shop, nicolae_shop_trees, nicolae_shop_window_shopping, shop,
          grunt_gozag_breadcrumbs, uniq_jorgrun, uniq_snorg
D:14:     emtedronai_trogs_sanctum, layout_gridville
D:15:     gammafunk_depths_entry_grave, layout_gridville, moated_statue,
          minivault_7
Temple:   compressed_dpeg_circular_temple
Lair:1:   layout_big_grid, grunt_megastairs_3
Lair:2:   layout_cave_pods, minmay_lair_oklob_items, beast_lair_carwin_3,
          lemuel_fruit_fields, uniq_harold
Lair:3:   layout_misc_corridors, elwin_shoals_entry_rooms,
          guppyfry_snake_entry_island, beast_lair_carwin_6,
          serial_bayou_shore_b, serial_bayou_shore_a
Lair:4:   layout_regular_city, gauntlet_entry_generic, grunt_megastairs_4
Lair:5:   layout_long_grid, slime_altar_2
Lair:6:   gammafunk_lair_ancient_temple, layout_misc_corridors
Snake:1:  layout_cave_pods, minmay_shoptagon
Orc:1:    layout_caves, trog_book
Orc:2:    st_orc_ogre_mass, layout_diamond_mine, ebering_ghost_xom, basic_altar
Depths:1: layout_gridlike, glass_columns_b, hell_entry, minmay_room_of_horrors,
          drop_trap, hangedman_decor_riveting, nrook_loot_triangle,
          kennysheep_doodads, hangedman_abyss_or_decor_passed,
          minmay_hollow_rounded_squares, serial_bayou_shore_b, uniq_saint_roka
Depths:2: hangedman_screamer, layout_basic, enter_ziggurat_a, abyss_entry,
          hell_entry, serial_shops, shop, infiniplex_staircase_hallway_doors,
          uniq_sojobo

Skill      XL: |  1  2  3  4  5  6  7  8  9 10 11 12 13 14 15 16 17 18 |
---------------+-------------------------------------------------------+-----
Stealth        | 1 |  1.0
Maces & Flails | 1 2 3 4 5 6 7 8 9 10 11 12 13 | 13.7
Evocations     | 3 4 5 |  5.5
Shields        | 2 4 5 6 7 8 9 10 11 12 13 | 13.6
Dodging        | 3 4 6 7 8 9 |  9.1
Fighting       | 2 5 7 8 |  8.7
Invocations    | 1 3 6 7 9 10 11 12 13 14 | 14.7
Spellcasting   | 3 4 5 7 8 9 |  9.7
Ice Magic      | 3 4 |  4.0
Armour         | 2 4 6 8 9 10 11 | 11.7
Translocations | 3 4 |  4.0
Throwing       | 2 4 |  4.2
Summonings     | 2 4 |  4.6

Action                   |  1- 3 |  4- 6 |  7- 9 | 10-12 | 13-15 | 16-18 || total
-------------------------+-------+-------+-------+-------+-------+-------++-------
Melee: Club              |   110 |   176 |    49 |       |       |       ||   335
       Flail             |       |       |   330 |   157 |       |       ||   487
       Morningstar       |       |       |       |   318 |   387 |  1180 ||  1885
       Mace              |       |       |       |   228 |   303 |       ||   531
Throw: Large rock        |       |       |       |       |       |    19 ||    19
       Throwing net      |       |       |       |       |       |     1 ||     1
 Cast: Frozen Ramparts   |       |       |       |       |       |     1 ||     1
Invok: Upheaval          |       |       |       |     3 |       |    14 ||    17
       Elemental Force   |       |       |       |     1 |     6 |     3 ||    10
       Disaster Area     |       |       |       |       |       |     2 ||     2
Evoke: Wand              |    10 |    16 |     8 |     2 |       |     4 ||    40
  Use: Scroll            |       |     4 |     7 |     8 |    11 |     7 ||    37
       Potion            |       |       |     4 |     2 |     7 |     4 ||    17
 Stab: Confused          |       |     1 |       |       |       |       ||     1
       Sleeping          |       |       |     1 |       |       |       ||     1
       Paralysed         |       |       |       |     7 |       |       ||     7
       Distracted        |       |       |       |       |       |     3 ||     3
Armor: Robe              |    44 |    48 |    92 |    57 |       |       ||   241
       Troll leather arm |       |       |       |    89 |   120 |   141 ||   350
Dodge: Dodged            |    76 |    40 |    98 |   179 |   145 |   217 ||   755
       Repelled          |       |       |       |     2 |     2 |     5 ||     9
Block: Tower shield      |       |   109 |   303 |   796 |   866 |  1286 ||  3360

Table legend: (Time is in decaauts)
 A = Elapsed time spent in this place.
 B = Non-inter-level travel time spent in this place.
 C = Inter-level travel time spent in this place.
 D = Time resting spent in this place.
 E = Time spent auto-exploring this place.
 F = Levels seen in this place.
 G = Mean time per level.
                   A        B        C        D        E       F      G
               +--------+--------+--------+--------+--------+-----+--------+
         Total |  32658 |  30999 |   1659 |   9148 |  14098 |  28 | 1166.4 |
       Dungeon |  21656 |  20607 |   1049 |   6945 |   8867 |  15 | 1443.7 |
        Temple |    151 |    113 |     38 |      0 |     74 |   1 |  151.0 |
          Lair |   5520 |   5104 |    416 |    741 |   3179 |   6 |  920.0 |
     Snake Pit |      4 |      2 |      2 |      0 |      0 |   1 |    4.0 |
  Orcish Mines |   1891 |   1753 |    138 |    183 |    997 |   2 |  945.5 |
        Depths |   2953 |   2939 |     14 |   1049 |    981 |   2 | 1476.5 |
      Gauntlet |    479 |    479 |      0 |    230 |      0 |   1 |  479.0 |
               +--------+--------+--------+--------+--------+-----+--------+

Top non-repeatable levels by time:
    D:10: 2311 daAuts
     D:5: 2094 daAuts
Depths:1: 1954 daAuts
     D:9: 1764 daAuts
    D:14: 1726 daAuts
     D:4: 1579 daAuts
   Orc:2: 1558 daAuts
     D:8: 1433 daAuts
     D:7: 1431 daAuts
     D:6: 1392 daAuts
  Lair:2: 1299 daAuts
    D:15: 1274 daAuts
     D:3: 1272 daAuts
     D:2: 1218 daAuts
    D:13: 1193 daAuts
